 Dungeon Crawl Stone Soup version 0.19-a0-860-g5c370dd (webtiles) character file.

51 Datman the Sneak (level 4, 0/29 HPs)
             Began as a Halfling Assassin on July 2, 2016.
             Succumbed to an adder's poison
             ... on level 2 of the Dungeon.
             The game lasted 00:07:24 (1112 turns).

Datman the Sneak (Halfling Assassin)                Turns: 1112, Time: 00:07:25

Health: 0/29       AC:  3    Str: 10 (11) XL:     4   Next: 7%
Magic:  4/4        EV: 14    Int:  9 (11) God:
Gold:   46         SH:  0    Dex: 13 (15) Spells: 0 memorised, 3 levels left

rFire  . . .     SeeInvis .     a - +2 dagger
rCold  . . .     Gourm    .     j - +0 robe
rNeg   . . .     Faith    .     (shield restricted)
rPois  .         Spirit   .     (no helmet)
rElec  .         Dismiss  .     d - +0 cloak
rCorr  .         Reflect  .     (no gloves)
SustAt .         Harm     .     (no boots)
MR     .....                    (no amulet)
Stlth  +++.......               (no ring)
                                (no ring)

@: lethally poisoned (0 -> -2), not resistant to hostile enchantments, fairly
stealthy
A: mutation resistance 1
a: no special abilities


You were on level 2 of the Dungeon.
You were hungry.

You visited 1 branch of the dungeon, and saw 2 of its levels.

You collected 46 gold pieces.

Inventory:

Hand Weapons
 a - a +2 dagger (weapon)
 b - a +0 blowgun
Missiles
 e - 8 poisoned needles
 f - 2 curare-tipped needles
 h - 54 arrows
 k - 34 stones (quivered)
Armour
 c - a +0 robe
 d - a +0 cloak (worn)
 j - a +0 robe (worn)
Jewellery
 l - a cursed amulet of inaccuracy {unknown}
Comestibles
 g - a bread ration
 i - a meat ration


   Skills:
 + Level 2.0 Fighting
 + Level 3.3 Short Blades
 + Level 2.1 Throwing
 + Level 1.7 Dodging
 + Level 5.4 Stealth


You had 3 spell levels left.
You didn't know any spells.

Dungeon Overview and Level Annotations

Branches:
Dungeon (2/15)

Altars:


Innate Abilities, Weirdness & Mutations

You are small and have problems with some larger weapons.
You are somewhat resistant to further mutation.


Message History

You feel sick. The adder bites you.
* * * LOW HITPOINT WARNING * * *
You hit the adder.
You kill the adder!
You have reached level 4!
* * * LOW HITPOINT WARNING * * *
You feel sick.
You see here a scroll of fear.
m - a scroll of fear All of the chunks of flesh in your inventory have rotted away.
As you read the scroll of fear, it crumbles to dust.
You assume a fearsome visage.
Nothing appears to happen.
* * * LOW HITPOINT WARNING * * *
You feel sick.
Found 14 gold pieces.
Why would you want to do that? Why would you want to do that?
Found 9 gold pieces.
Why would you want to do that?
You die...

...................######
.#.#.#.#.#..####..≈...≈.##
...........## #.≈⌠≈.≈⌠≈.#
...#.#.#.### ##..≈...≈...
....#....# ###.≈...≈...≈.
...#.#...# ##..≈⌠≈.≈⌠≈.≈⌠≈
.......### #....≈...≈...≈.
...#.### ###..≈...≈...≈...
....... ....≈⌠≈@≈⌠≈.≈⌠≈.≈
.#...### ###..≈...≈...≈...
....## #.#..≈...≈...≈.
...... #.#.≈⌠≈.≈⌠≈.≈⌠≈ ..#
##.≈...≈...≈. ..#
##..≈...≈.$. ..#
..≈⌠≈$≈⌠≈. ..# ##.≈...≈.
.##


There were no monsters in sight!

Vanquished Creatures
  3 adders (D:2)
  2 dart slugs (D:1)
  A giant gecko (D:1)
  A bat (D:1)
  2 giant cockroaches
  6 goblins
  A hobgoblin (D:1)
  2 giant newts (D:2)
  A kobold (D:2)
  A rat (D:2)
20 creatures vanquished.

Notes
Turn   | Place    | Note
-------+----------+-------------------------------------------
     0 | D:1      | Datman the Halfling Assassin began the quest for the Orb.
     0 | D:1      | Reached XP level 1. HP: 14/14 MP: 1/1
   287 | D:1      | Reached XP level 2. HP: 19/19 MP: 2/2
   485 | D:1      | Reached skill level 5 in Stealth
   858 | D:2      | Reached XP level 3. HP: 23/24 MP: 3/3
  1103 | D:2      | Reached XP level 4. HP: 3/29 MP: 4/4
  1108 | D:2      | HP: 1/29 [poisoned by an adder]
  1112 | D:2      | Succumbed to an adder's poison

Vault maps used:
D:1:      sevenhm_arrival_forest_fort_large_2
D:2:      okawaru_altar_gauntlet_db, st_stairs_8, kennysheep_doodads,
          minivault_27, hangedman_decor_riveting

Skill      XL: |  1  2  3 |
---------------+----------+-----
Short Blades   | 3 |  3.3
Stealth        | 5 |  5.4
Fighting       | 2 |  2.0
Throwing       | |  2.1
Dodging        | |  1.7

Action                   |  1- 3 |  4- 6 || total
-------------------------+-------+-------++-------
Melee: Dagger            |    79 |       ||    79
  Use: Scroll            |     1 |     1 ||     2
       Potion            |     1 |       ||     1
 Stab: Sleeping          |     3 |       ||     3
Armor: Robe              |    12 |       ||    12
Dodge: Dodged            |    55 |       ||    55
